TOP OF THE 1ST |
---|
Indian Hills Voodoo batting - Pitching for Oceanside Swamp Foxes : LHP David Jennings | Pitching: LHP David Jennings | | Batting: SHB Cisco Oliva | 0-0: Foul Ball, location: 2F 0-1: Ball 1-1: Swinging Strike 1-2: SINGLE (Groundball, 34D) | Batting: RHB José Núñez | 0-0: Ball 1-0: Foul Ball, location: 2F 1-1: Hit by Pitch Cisco Oliva to second | Batting: RHB César Heredia | 0-0: Ball 1-0: Called Strike 1-1: Ball 2-1: Ball 3-1: Foul Ball, location: 2F 3-2: Strikes out swinging Cisco Oliva steals 3rd base Batter strikes out. José Núñez to second | Batting: RHB Jon Bush | 0-0: Called Strike 0-1: Foul Ball, location: 2F 0-2: Ball 1-2: Ball 2-2: Ball 3-2: Ground out 6-3 (Groundball, 6) Cisco Oliva scores José Núñez to third | Batting: RHB Greg Williams | 0-0: Ball 1-0: Called Strike 1-1: Ball Wild Pitch! José Núñez scores 2-1: SINGLE (Groundball, 6MD) | Batting: RHB Dave McGuire | 0-0: Ball 1-0: Fielders Choice at 2nd, 6-4 (Groundball, 6) | Top of the 1st over - 2 runs, 2 hits, 0 errors, 1 left on base; Indian Hills 2 - Oceanside 0 | BOTTOM OF THE 1ST |
---|
Oceanside Swamp Foxes batting - Pitching for Indian Hills Voodoo : RHP Luis Manuel Marshall | Pitching: RHP Luis Manuel Marshall | | Batting: SHB Teko de Bruin | 0-0: Ball 1-0: Foul Ball, location: 2F 1-1: Ball 2-1: Fly out, F8 (Flyball, 8RD) | Batting: RHB Ricardo López | 0-0: Ball 1-0: Foul Ball, location: 2F 1-1: Fly out, F9 (Line Drive, 9S) | Batting: SHB León Galló | 0-0: Ground out 4-3 (Groundball, 34) | Bottom of the 1st over - 0 runs, 0 hits, 0 errors, 0 left on base; Indian Hills 2 - Oceanside 0 | TOP OF THE 2ND |
---|
Indian Hills Voodoo batting - Pitching for Oceanside Swamp Foxes : LHP David Jennings | Batting: RHB Norman Hopkins | 0-0: Swinging Strike 0-1: SOLO HOME RUN (Flyball, 9LD), Distance : 360 ft | Batting: LHB Jorge Garza | 0-0: Called Strike 0-1: Ball 1-1: Called Strike 1-2: Strikes out swinging | Batting: LHB José Castillo | 0-0: Ball 1-0: Foul Ball, location: 2F 1-1: Hit by Pitch | Batting: SHB Cisco Oliva | 0-0: Swinging Strike 0-1: Called Strike 0-2: Strikes out looking | Batting: RHB José Núñez | 0-0: Ball 1-0: Called Strike 1-1: Foul Ball, location: 2F 1-2: Foul Ball, location: 2F 1-2: Ball 2-2: Fielders Choice at 2nd, 6-4 (Groundball, 6) | Top of the 2nd over - 1 run, 1 hit, 0 errors, 1 left on base; Indian Hills 3 - Oceanside 0 | BOTTOM OF THE 2ND |
---|
Oceanside Swamp Foxes batting - Pitching for Indian Hills Voodoo : RHP Luis Manuel Marshall | Batting: RHB Howard Reed | 0-0: Foul Ball, location: 2F 0-1: Ball 1-1: Swinging Strike 1-2: Ball 2-2: Fly out, F7 (Flyball, 7S) | Batting: RHB Bert Larson | 0-0: Swinging Strike 0-1: SINGLE (Groundball, 6MD) | Batting: RHB Pat Greene | 0-0: Ball 1-0: Reached on error, E6 (Groundball, 6) Bert Larson to second | Batting: RHB Owen Parra | 0-0: Foul Ball, location: 2F 0-1: Fly out, F3 (Line Drive, 34) | Batting: LHB Bob Huerta | 0-0: Ball 1-0: Called Strike 1-1: Ball 2-1: Ball 3-1: Called Strike 3-2: Strikes out swinging | Bottom of the 2nd over - 0 runs, 1 hit, 1 error, 2 left on base; Indian Hills 3 - Oceanside 0 | TOP OF THE 3RD |
---|
Indian Hills Voodoo batting - Pitching for Oceanside Swamp Foxes : LHP David Jennings | Batting: RHB César Heredia | 0-0: Called Strike 0-1: Foul Ball, location: 2F 0-2: Ball 1-2: Strikes out looking | Batting: RHB Jon Bush | 0-0: Ball 1-0: Ball 2-0: Foul Ball, location: 2F 2-1: Foul Ball, location: 2F 2-2: SOLO HOME RUN (Flyball, 9D), Distance : 372 ft | Batting: RHB Greg Williams | 0-0: Called Strike 0-1: SOLO HOME RUN (Flyball, 7LD), Distance : 356 ft | Batting: RHB Dave McGuire | 0-0: Reached on error, E6 (Groundball, 6) | Batting: RHB Norman Hopkins | 0-0: Reached on error, E5 (Groundball, 5) Dave McGuire scores | Batting: LHB Jorge Garza | 0-0: Fly out, F8 (Flyball, 8LS) | Batting: LHB José Castillo | 0-0: Called Strike 0-1: Foul Ball, location: 2F 0-2: Strikes out swinging | Top of the 3rd over - 3 runs, 2 hits, 2 errors, 1 left on base; Indian Hills 6 - Oceanside 0 | BOTTOM OF THE 3RD |
---|
Oceanside Swamp Foxes batting - Pitching for Indian Hills Voodoo : RHP Luis Manuel Marshall | Batting: RHB Roberto Ramírez | 0-0: Ball 1-0: Foul Ball, location: 2F 1-1: Ball 2-1: Called Strike 2-2: Strikes out swinging | Batting: SHB Teko de Bruin | 0-0: Called Strike 0-1: Swinging Strike 0-2: Ball 1-2: Strikes out swinging | Batting: RHB Ricardo López | 0-0: Called Strike 0-1: Ball 1-1: Swinging Strike 1-2: Strikes out swinging | Bottom of the 3rd over - 0 runs, 0 hits, 0 errors, 0 left on base; Indian Hills 6 - Oceanside 0 | TOP OF THE 4TH |
---|
Indian Hills Voodoo batting - Pitching for Oceanside Swamp Foxes : LHP David Jennings | Batting: SHB Cisco Oliva | 0-0: Called Strike 0-1: Ball 1-1: Swinging Strike 1-2: Foul Ball, location: 2F 1-2: Foul Ball, location: 2F 1-2: Ball 2-2: Ball 3-2: SINGLE (Groundball, 34D) | Batting: RHB José Núñez | 0-0: Ball 1-0: Fly out, F7 (Flyball, 7S) | Batting: RHB César Heredia | 0-0: Fly out, F9 (Flyball, 9S) | Batting: RHB Jon Bush | 0-0: Ball 1-0: Called Strike Cisco Oliva steals 2nd base 1-1: Ball 2-1: Foul Ball, location: 2F 2-2: Foul Ball, location: 2F 2-2: Ground out 6-3 (Groundball, 6) | Top of the 4th over - 0 runs, 1 hit, 0 errors, 1 left on base; Indian Hills 6 - Oceanside 0 | BOTTOM OF THE 4TH |
---|
Oceanside Swamp Foxes batting - Pitching for Indian Hills Voodoo : RHP Luis Manuel Marshall | Batting: SHB León Galló | 0-0: Ball 1-0: Foul Ball, location: 2F 1-1: SINGLE (Flyball, 9S) | Batting: RHB Howard Reed | 0-0: Ball 1-0: SINGLE (Groundball, 6D) León Galló to second | Batting: RHB Bert Larson | 0-0: Grounds into double play, 6-4-3 (Groundball, 56) León Galló to third | Batting: RHB Pat Greene | 0-0: Foul Ball, location: 2F 0-1: Ball 1-1: Swinging Strike 1-2: Ball 2-2: Fly out, F9 (Flyball, 9S) | Bottom of the 4th over - 0 runs, 2 hits, 0 errors, 1 left on base; Indian Hills 6 - Oceanside 0 | TOP OF THE 5TH |
---|
Indian Hills Voodoo batting - Pitching for Oceanside Swamp Foxes : LHP David Jennings | Batting: RHB Greg Williams | 0-0: Called Strike 0-1: Fly out, F9 (Line Drive, 9D) | Batting: RHB Dave McGuire | 0-0: Called Strike 0-1: Foul Ball, location: 2F 0-2: Ball 1-2: Ball 2-2: Ball 3-2: SOLO HOME RUN (Line Drive, 7LD), Distance : 368 ft | Batting: RHB Norman Hopkins | 0-0: Ball 1-0: Ball 2-0: SINGLE (Line Drive, 4MD) | Batting: LHB Jorge Garza | 0-0: Called Strike 0-1: Ball 1-1: Swinging Strike 1-2: Strikes out looking Throwing error on steal attempt, E2 Norman Hopkins to third | Batting: LHB José Castillo | 0-0: Ball 1-0: TRIPLE (Flyball, 78XD) Norman Hopkins scores | Batting: SHB Cisco Oliva | 0-0: Ball 1-0: Called Strike 1-1: Called Strike 1-2: Fly out, F8 (Flyball, 8LD) | Top of the 5th over - 2 runs, 3 hits, 1 error, 1 left on base; Indian Hills 8 - Oceanside 0 | BOTTOM OF THE 5TH |
---|
Oceanside Swamp Foxes batting - Pitching for Indian Hills Voodoo : RHP Luis Manuel Marshall | Batting: RHB Owen Parra | 0-0: Foul Ball, location: 2F 0-1: Ground out 3-1 (Groundball, 34S) | Batting: LHB Bob Huerta | 0-0: Ball 1-0: Fly out, F7 (Flyball, 78S) | Batting: RHB Roberto Ramírez | 0-0: Ground out 4-3 (Groundball, 34) | Bottom of the 5th over - 0 runs, 0 hits, 0 errors, 0 left on base; Indian Hills 8 - Oceanside 0 | TOP OF THE 6TH |
---|
Indian Hills Voodoo batting - Pitching for Oceanside Swamp Foxes : LHP David Jennings | Batting: RHB José Núñez | 0-0: Called Strike 0-1: Ball 1-1: Swinging Strike 1-2: Strikes out looking | Batting: RHB César Heredia | 0-0: Called Strike 0-1: Ball 1-1: Ball 2-1: Ball 3-1: Base on Balls | Batting: RHB Jon Bush | 0-0: Ball 1-0: Foul Ball, location: 2F 1-1: Foul Ball, location: 2F 1-2: Strikes out looking | Batting: RHB Greg Williams | 0-0: Foul Ball, location: 2F 0-1: Ball 1-1: Foul Ball, location: 2F 1-2: Strikes out swinging | Top of the 6th over - 0 runs, 0 hits, 0 errors, 1 left on base; Indian Hills 8 - Oceanside 0 | BOTTOM OF THE 6TH |
---|
Oceanside Swamp Foxes batting - Pitching for Indian Hills Voodoo : RHP Luis Manuel Marshall | Batting: SHB Teko de Bruin | 0-0: Ground out 4-3 (Groundball, 4) | Batting: RHB Ricardo López | 0-0: Called Strike 0-1: Ball 1-1: Ball 2-1: Swinging Strike 2-2: Ball 3-2: Ground out 4-3 (Groundball, 34) | Batting: SHB León Galló | 0-0: Foul Ball, location: 2F 0-1: Ball 1-1: Ball 2-1: Ball 3-1: Foul Ball, location: 2F 3-2: Strikes out swinging | Bottom of the 6th over - 0 runs, 0 hits, 0 errors, 0 left on base; Indian Hills 8 - Oceanside 0 | TOP OF THE 7TH |
---|
Indian Hills Voodoo batting - Pitching for Oceanside Swamp Foxes : LHP David Jennings | Batting: RHB Dave McGuire | 0-0: Called Strike 0-1: Ball 1-1: Foul Ball, location: 2F 1-2: Strikes out swinging | Batting: RHB Norman Hopkins | 0-0: Called Strike 0-1: Foul Ball, location: 2F 0-2: Foul Ball, location: 2F 0-2: Ball 1-2: Strikes out looking | Batting: LHB Jorge Garza | 0-0: Foul Ball, location: 2F 0-1: SINGLE (Groundball, 6) (infield hit) | Pitching: RHP Daniel Gordon | | Batting: LHB José Castillo | 0-0: Ball 1-0: Swinging Strike 1-1: Called Strike 1-2: Strikes out looking | Top of the 7th over - 0 runs, 1 hit, 0 errors, 1 left on base; Indian Hills 8 - Oceanside 0 | BOTTOM OF THE 7TH |
---|
Oceanside Swamp Foxes batting - Pitching for Indian Hills Voodoo : RHP Luis Manuel Marshall | Batting: RHB Howard Reed | 0-0: Foul Ball, location: 2F 0-1: SINGLE (Line Drive, 56) | Batting: RHB Bert Larson | 0-0: Fly out, F7 (Flyball, 78M) | Batting: RHB Pat Greene | 0-0: Called Strike 0-1: Fielders Choice at 2nd, 5-4 (Groundball, 56) | Batting: RHB Owen Parra | 0-0: Ball 1-0: Ball 2-0: Ball 3-0: Called Strike 3-1: Base on Balls Pat Greene to second | Batting: LHB Bob Huerta | 0-0: Swinging Strike 0-1: Foul Ball, location: 2F 0-2: Foul Ball, location: 2F 0-2: Ball 1-2: Foul Ball, location: 2F 1-2: Foul Ball, location: 2F 1-2: Fly out, F7 (Flyball, 78M) | Bottom of the 7th over - 0 runs, 1 hit, 0 errors, 2 left on base; Indian Hills 8 - Oceanside 0 | TOP OF THE 8TH |
---|
Indian Hills Voodoo batting - Pitching for Oceanside Swamp Foxes : RHP Daniel Gordon | Batting: SHB Cisco Oliva | 0-0: Called Strike 0-1: Ball 1-1: Swinging Strike 1-2: Strikes out swinging | Batting: RHB José Núñez | 0-0: Ball 1-0: Ball 2-0: Foul Ball, location: 2F 2-1: Foul Ball, location: 2F 2-2: Ball 3-2: Strikes out swinging | Batting: RHB César Heredia | 0-0: Called Strike 0-1: Called Strike 0-2: Ball 1-2: Ground out 6-3 (Groundball, 56D) | Top of the 8th over - 0 runs, 0 hits, 0 errors, 0 left on base; Indian Hills 8 - Oceanside 0 | BOTTOM OF THE 8TH |
---|
Oceanside Swamp Foxes batting - Pitching for Indian Hills Voodoo : RHP Luis Manuel Marshall | Now at 3B: José Torres | | Batting: RHB Roberto Ramírez | 0-0: Ball 1-0: Ball 2-0: Foul Ball, location: 2F 2-1: Ball 3-1: Called Strike 3-2: Strikes out swinging | Batting: SHB Teko de Bruin | 0-0: Called Strike 0-1: Reached on error, E8 (Flyball, 8RS) | Batting: RHB Ricardo López | 0-0: Called Strike 0-1: Called Strike 0-2: Ball 1-2: Ball 2-2: Strikes out looking | Batting: SHB León Galló | 0-0: Ball 1-0: Ball 2-0: SINGLE (Flyball, 9LM) Teko de Bruin to second Runner from 2nd tries for 3rd, SAFE, throw made to third | Batting: RHB Howard Reed | 0-0: Ball 1-0: Ball 2-0: Called Strike 2-1: Called Strike 2-2: Ground out 4-3 (Groundball, 4MS) | Bottom of the 8th over - 0 runs, 1 hit, 1 error, 2 left on base; Indian Hills 8 - Oceanside 0 | TOP OF THE 9TH |
---|
Indian Hills Voodoo batting - Pitching for Oceanside Swamp Foxes : RHP Daniel Gordon | Batting: RHB Jon Bush | 0-0: Ball 1-0: Swinging Strike 1-1: Fly out, F9 (Flyball, 89S) | Batting: RHB Greg Williams | 0-0: Called Strike 0-1: Ball 1-1: SINGLE (Line Drive, 78S) | Batting: RHB Dave McGuire | 0-0: Fly out, F8 (Line Drive, 8RD) | Batting: RHB Norman Hopkins | 0-0: Ball 1-0: Ball 2-0: Foul Ball, location: 2F 2-1: SINGLE (Line Drive, 56D) Greg Williams to second | Batting: LHB Jorge Garza | 0-0: Ball 1-0: Called Strike 1-1: Ground out 4-3 (Groundball, 4) | Top of the 9th over - 0 runs, 2 hits, 0 errors, 2 left on base; Indian Hills 8 - Oceanside 0 | BOTTOM OF THE 9TH |
---|
Oceanside Swamp Foxes batting - Pitching for Indian Hills Voodoo : RHP Luis Manuel Marshall | Now at 1B: Andrew Lewis | | Batting: RHB Bert Larson | 0-0: Foul Ball, location: 2F 0-1: Ball 1-1: Ball 2-1: Foul Ball, location: 2F 2-2: Ball 3-2: Base on Balls | Batting: RHB Pat Greene | 0-0: Ball 1-0: Ball 2-0: Called Strike 2-1: Ball 3-1: Swinging Strike 3-2: SINGLE (Line Drive, 89S) Bert Larson to second | Batting: RHB Owen Parra | 0-0: Ball 1-0: Grounds into double play, 4-6-3 (Groundball, 4) Bert Larson to third | Batting: LHB Bob Huerta | 0-0: Swinging Strike 0-1: Ball 1-1: Foul Ball, location: 2F 1-2: Ball 2-2: Reached on error, E6 (Groundball, 6) Bert Larson scores | Pitching: RHP Santiago Álvarez | | Batting: RHB Roberto Ramírez | 0-0: DOUBLE (Line Drive, 7LS) Bob Huerta to third | Batting: SHB Teko de Bruin | 0-0: Ball 1-0: Called Strike 1-1: Ball 2-1: Foul Ball, location: 2F 2-2: Ball 3-2: Strikes out looking | Bottom of the 9th over - 1 run, 2 hits, 1 error, 2 left on base; Indian Hills 8 - Oceanside 1 | |